TOP OF THE 1ST |
Toronto Blue Jays batting - Pitching for New York Yankees : RHP Chad Curry
|
Pitching: RHP Chad Curry
|
|
Batting: RHB Donny Burnside
|
0-0: Ball 1-0: Ball 2-0: Foul Ball, location: 2F 2-1: Called Strike 2-2: Foul Ball, location: 2F 2-2: Ball 3-2: SINGLE (Line Drive, 4D, EV 95.6 MPH)
|
Batting: RHB Danny Burnside
|
0-0: Ball Donny Burnside steals 2nd base 1-0: Fly out, F8 (Line Drive, 8RM, EV 107.5 MPH)
|
Batting: RHB Efrain Vargas
|
0-0: Ground out 6-3 (Groundball, 6, EV 91.2 MPH) Donny Burnside to third
|
Batting: LHB Willis Robles
|
0-0: Called Strike 0-1: Ball 1-1: Called Strike 1-2: Ball 2-2: Ball 3-2: Strikes out swinging
|
Top of the 1st over - 0 runs, 1 hit, 0 errors, 1 left on base; Toronto 0 - New York 0 |
BOTTOM OF THE 1ST |
New York Yankees batting - Pitching for Toronto Blue Jays : RHP Pimbly Nimblebottom
|
Pitching: RHP Pimbly Nimblebottom
|
|
Batting: RHB Russ Shambaugh
|
0-0: Fly out, F9 (Flyball, 89M, EV 88.1 MPH)
|
Batting: RHB Jeckel Hester
|
0-0: Called Strike 0-1: Called Strike 0-2: Ground out U3 (Groundball, 34, EV 80.0 MPH)
|
Batting: SHB Bartholomeu Chambino
|
0-0: Called Strike 0-1: Swinging Strike 0-2: Strikes out swinging
|
Bottom of the 1st over - 0 runs, 0 hits, 0 errors, 0 left on base; Toronto 0 - New York 0 |
TOP OF THE 2ND |
Toronto Blue Jays batting - Pitching for New York Yankees : RHP Chad Curry
|
Batting: SHB Dominik Hasek II
|
0-0: Called Strike 0-1: Ball 1-1: Ground out 6-3 (Groundball, 6, EV 104.4 MPH)
|
Batting: RHB C.J. Richerson
|
0-0: Ball 1-0: Called Strike 1-1: Foul Ball, location: 2F 1-2: Strikes out swinging
|
Batting: RHB Butch Kaiser
|
0-0: Foul Ball, location: 2F 0-1: Ball 1-1: Hit by Pitch
|
Batting: LHB Nate Dean
|
0-0: SINGLE (Line Drive, 78S, EV 95.6 MPH) Butch Kaiser to second
|
Batting: RHB Bryan Peterson
|
0-0: Called Strike 0-1: Fielders Choice at 2nd, 6-4 (Groundball, 6, EV 91.9 MPH)
|
Top of the 2nd over - 0 runs, 1 hit, 0 errors, 2 left on base; Toronto 0 - New York 0 |
BOTTOM OF THE 2ND |
New York Yankees batting - Pitching for Toronto Blue Jays : RHP Pimbly Nimblebottom
|
Batting: SHB Gus Berry
|
0-0: Foul Ball, location: 2F 0-1: DOUBLE (Flyball, 78XD, EV 115.0 MPH)
|
Batting: RHB Adriaan Pieters
|
0-0: Called Strike 0-1: Foul Ball, location: 2F 0-2: Ball 1-2: Foul Ball, location: 2F 1-2: Ball 2-2: 2-RUN HOME RUN (Flyball, 9D, EV 97.5 MPH), Distance : 378 ft
|
Batting: SHB Mukhtar Wa'il
|
0-0: Ball 1-0: Called Strike 1-1: Fly out, F8 (Flyball, 78M, EV 91.2 MPH)
|
Batting: RHB Shiro Suehiro
|
0-0: Foul Ball, location: 2F 0-1: Swinging Strike 0-2: Ball 1-2: Foul Ball, location: 2F 1-2: Fly out, F8 (Flyball, 8LM, EV 78.8 MPH)
|
Batting: RHB Ryan Neal
|
0-0: Ball 1-0: Ground out 4-3 (Groundball, 4, EV 91.2 MPH)
|
Bottom of the 2nd over - 2 runs, 2 hits, 0 errors, 0 left on base; Toronto 0 - New York 2 |
TOP OF THE 3RD |
Toronto Blue Jays batting - Pitching for New York Yankees : RHP Chad Curry
|
Batting: RHB Donny Burnside
|
0-0: Ball 1-0: Ball 2-0: SINGLE (Line Drive, 9LS, EV 92.5 MPH)
|
Batting: RHB Danny Burnside
|
0-0: Called Strike 0-1: DOUBLE (Flyball, 89D, EV 100.6 MPH) Donny Burnside to third
|
Batting: RHB Efrain Vargas
|
0-0: Ball 1-0: Ball 2-0: Foul Ball, location: 2F 2-1: 3-RUN HOME RUN (Flyball, 8LXD, EV 101.9 MPH), Distance : 426 ft
|
Batting: LHB Willis Robles
|
0-0: Ball 1-0: Ground out 5-3 (Groundball, 56, EV 103.1 MPH)
|
Batting: SHB Dominik Hasek II
|
0-0: Foul Ball, location: 2F 0-1: Ground out U3 (Groundball, 13, EV 81.9 MPH)
|
Batting: RHB C.J. Richerson
|
0-0: Called Strike 0-1: Foul Ball, location: 2F 0-2: Ball 1-2: SINGLE (Flyball, 5D, EV 90.6 MPH)
|
Batting: RHB Butch Kaiser
|
0-0: Called Strike 0-1: Ball 1-1: Ground out 1-3 (Groundball, P, EV 71.9 MPH)
|
Top of the 3rd over - 3 runs, 4 hits, 0 errors, 1 left on base; Toronto 3 - New York 2 |
BOTTOM OF THE 3RD |
New York Yankees batting - Pitching for Toronto Blue Jays : RHP Pimbly Nimblebottom
|
Batting: LHB Dan Morris
|
0-0: Ground out U3 (Groundball, 3L, EV 86.9 MPH)
|
Batting: RHB Russ Shambaugh
|
0-0: Ball 1-0: Swinging Strike 1-1: Ball 2-1: Foul Ball, location: 2F 2-2: Foul Ball, location: 2F 2-2: Ball 3-2: Foul Ball, location: 2F 3-2: Base on Balls
|
Batting: RHB Jeckel Hester
|
0-0: Ball Russ Shambaugh is caught stealing 2nd base 2-4 1-0: Swinging Strike 1-1: Ball 2-1: DOUBLE (Line Drive, 89XD, EV 105.0 MPH)
|
Batting: SHB Bartholomeu Chambino
|
0-0: Called Strike 0-1: Swinging Strike 0-2: SINGLE (Groundball, 13S, EV 67.5 MPH) (infield hit) Jeckel Hester to third
|
Batting: SHB Gus Berry
|
0-0: Ball 1-0: Swinging Strike 1-1: Foul Ball, location: 2F 1-2: Strikes out swinging
|
Bottom of the 3rd over - 0 runs, 2 hits, 0 errors, 2 left on base; Toronto 3 - New York 2 |
TOP OF THE 4TH |
Toronto Blue Jays batting - Pitching for New York Yankees : RHP Chad Curry
|
Batting: LHB Nate Dean
|
0-0: Foul Ball, location: 2F 0-1: DOUBLE (Flyball, 8LXD, EV 94.4 MPH)
|
Batting: RHB Bryan Peterson
|
0-0: Ball 1-0: Foul Ball, location: 2F 1-1: Foul Ball, location: 2F 1-2: Ball 2-2: Foul Ball, location: 2F 2-2: Ball 3-2: Base on Balls
|
Batting: RHB Donny Burnside
|
0-0: Ball 1-0: Ball 2-0: Ball 3-0: Called Strike 3-1: Fly out, F8 (Flyball, 8RD, EV 96.2 MPH)
|
Batting: RHB Danny Burnside
|
0-0: Ball 1-0: Fielders Choice at 2nd, 1-6 (Groundball, 34S, EV 70.0 MPH) Nate Dean to third
|
Batting: RHB Efrain Vargas
|
0-0: Ball Danny Burnside steals 2nd base 1-0: Fly out, F8 (Flyball, 8RXD, EV 93.1 MPH)
|
Top of the 4th over - 0 runs, 1 hit, 0 errors, 2 left on base; Toronto 3 - New York 2 |
BOTTOM OF THE 4TH |
New York Yankees batting - Pitching for Toronto Blue Jays : RHP Pimbly Nimblebottom
|
Batting: RHB Adriaan Pieters
|
0-0: Ball 1-0: Foul Ball, location: 2F 1-1: Ground out U3 (Groundball, 34, EV 105.6 MPH)
|
Batting: SHB Mukhtar Wa'il
|
0-0: Ground out 4-3 (Groundball, 4, EV 76.9 MPH)
|
Batting: RHB Shiro Suehiro
|
0-0: Called Strike 0-1: Ball 1-1: Foul Ball, location: 2F 1-2: Ball 2-2: Fly out, F7 (Flyball, 7S, EV 81.2 MPH)
|
Bottom of the 4th over - 0 runs, 0 hits, 0 errors, 0 left on base; Toronto 3 - New York 2 |
TOP OF THE 5TH |
Toronto Blue Jays batting - Pitching for New York Yankees : RHP Chad Curry
|
Batting: LHB Willis Robles
|
0-0: Called Strike 0-1: Foul Ball, location: 2F 0-2: Foul Ball, location: 2F 0-2: Foul Ball, location: 2F 0-2: SOLO HOME RUN (Flyball, 7D, EV 102.5 MPH), Distance : 376 ft
|
Batting: SHB Dominik Hasek II
|
0-0: DOUBLE (Flyball, 89D, EV 110.6 MPH)
|
Batting: RHB C.J. Richerson
|
0-0: Fly out, F9 (Flyball, 9, EV 79.4 MPH)
|
Batting: RHB Butch Kaiser
|
0-0: Foul Ball, location: 2F 0-1: Called Strike 0-2: Strikes out looking
|
Batting: LHB Nate Dean
|
0-0: Ball 1-0: Called Strike 1-1: Ground out 4-3 (Groundball, 4, EV 87.5 MPH)
|
Top of the 5th over - 1 run, 2 hits, 0 errors, 1 left on base; Toronto 4 - New York 2 |
BOTTOM OF THE 5TH |
New York Yankees batting - Pitching for Toronto Blue Jays : RHP Pimbly Nimblebottom
|
Batting: RHB Ryan Neal
|
0-0: Called Strike 0-1: Bunt for hit to 15 - play at first, batter OUT! 1-3
|
Batting: LHB Dan Morris
|
0-0: SINGLE (Groundball, 56, EV 101.2 MPH) (infield hit)
|
Batting: RHB Russ Shambaugh
|
0-0: Called Strike 0-1: Foul Ball, location: 2F 0-2: Strikes out looking
|
Batting: RHB Jeckel Hester
|
0-0: SINGLE (Groundball, 6MD, EV 103.1 MPH) Dan Morris to second Runner from 2nd tries for 3rd, SAFE, throw by CF made to third Jeckel Hester to second
|
Batting: SHB Bartholomeu Chambino
|
0-0: Ball 1-0: Called Strike 1-1: Ball 2-1: SINGLE (Groundball, 34D, EV 95.0 MPH) Dan Morris scores Jeckel Hester to third Runner from 3rd tries for Home, SAFE, throw by RF to home
|
Batting: SHB Gus Berry
|
0-0: Ball 1-0: Called Strike Bartholomeu Chambino is caught stealing 2nd base 2-6
|
Bottom of the 5th over - 2 runs, 3 hits, 0 errors, 0 left on base; Toronto 4 - New York 4 |
TOP OF THE 6TH |
Toronto Blue Jays batting - Pitching for New York Yankees : RHP Chad Curry
|
Batting: RHB Bryan Peterson
|
0-0: Ball 1-0: Ground out 6-3 (Groundball, 6, EV 75.6 MPH)
|
Batting: RHB Donny Burnside
|
0-0: Foul Ball, location: 2F 0-1: Ball 1-1: Ball 2-1: Foul Ball, location: 2F 2-2: Ball 3-2: Ground out 1-3 (Groundball, 34S, EV 71.2 MPH)
|
Batting: RHB Danny Burnside
|
0-0: Ball 1-0: Called Strike 1-1: Fly out, F8 (Flyball, 8LD, EV 86.9 MPH)
|
Top of the 6th over - 0 runs, 0 hits, 0 errors, 0 left on base; Toronto 4 - New York 4 |
BOTTOM OF THE 6TH |
New York Yankees batting - Pitching for Toronto Blue Jays : RHP Pimbly Nimblebottom
|
Batting: SHB Gus Berry
|
0-0: Ground out 4-3 (Groundball, 4, EV 94.4 MPH)
|
Batting: RHB Adriaan Pieters
|
0-0: Called Strike 0-1: Called Strike 0-2: Ground out 6-3 (Groundball, 6, EV 88.1 MPH)
|
Batting: SHB Mukhtar Wa'il
|
0-0: Ball 1-0: Ball 2-0: Ball 3-0: Called Strike 3-1: Base on Balls
|
Batting: RHB Shiro Suehiro
|
0-0: Ball 1-0: Foul Ball, location: 2F 1-1: Ball 2-1: Ball 3-1: SINGLE (Flyball, 89S, EV 98.1 MPH) Mukhtar Wa'il to second
|
Batting: RHB Ryan Neal
|
0-0: Ball 1-0: Fly out, F8 (Flyball, 8RXD, EV 95.0 MPH)
|
Bottom of the 6th over - 0 runs, 1 hit, 0 errors, 2 left on base; Toronto 4 - New York 4 |
TOP OF THE 7TH |
Toronto Blue Jays batting - Pitching for New York Yankees : RHP Chad Curry
|
Batting: RHB Efrain Vargas
|
0-0: Called Strike 0-1: Called Strike 0-2: Ball 1-2: Ball 2-2: SOLO HOME RUN (Flyball, 7LD, EV 99.4 MPH), Distance : 368 ft
|
Pitching: LHP Robert Cruz
|
|
Batting: LHB Willis Robles
|
0-0: Ball 1-0: Ball 2-0: Ball 3-0: Called Strike 3-1: Foul Ball, location: 2F 3-2: Strikes out swinging
|
Batting: SHB Dominik Hasek II
|
0-0: Ball 1-0: Ball 2-0: Called Strike 2-1: Ball 3-1: Swinging Strike 3-2: Ground out 5-3 (Groundball, 56S, EV 89.4 MPH)
|
Batting: RHB C.J. Richerson
|
0-0: Ball 1-0: Swinging Strike 1-1: SOLO HOME RUN (Flyball, 7D, EV 104.4 MPH), Distance : 387 ft
|
Batting: RHB Butch Kaiser
|
0-0: SOLO HOME RUN (Flyball, 89XD, EV 106.9 MPH), Distance : 407 ft
|
Batting: LHB Nate Dean
|
0-0: Ball 1-0: Called Strike 1-1: Called Strike 1-2: Ball 2-2: Foul Ball, location: 2F 2-2: Ball 3-2: DOUBLE (Line Drive, 7LM, EV 110.0 MPH)
|
Batting: RHB Bryan Peterson
|
0-0: Foul Ball, location: 2F 0-1: Ball 1-1: Called Strike 1-2: Foul Ball, location: 2F 1-2: Ground out 6-3 (Groundball, 6, EV 85.6 MPH)
|
Top of the 7th over - 3 runs, 4 hits, 0 errors, 1 left on base; Toronto 7 - New York 4 |
BOTTOM OF THE 7TH |
New York Yankees batting - Pitching for Toronto Blue Jays : RHP Pimbly Nimblebottom
|
Batting: LHB Dan Morris
|
0-0: Ball 1-0: Called Strike 1-1: Called Strike 1-2: Ball 2-2: Strikes out swinging
|
Batting: RHB Russ Shambaugh
|
0-0: Ground out 1-3 (Groundball, 13S, EV 73.8 MPH)
|
Batting: RHB Jeckel Hester
|
0-0: Called Strike 0-1: Ball 1-1: Called Strike 1-2: Ball 2-2: Foul Ball, location: 2F 2-2: Ground out 5-3 (Groundball, 56, EV 106.2 MPH)
|
Bottom of the 7th over - 0 runs, 0 hits, 0 errors, 0 left on base; Toronto 7 - New York 4 |
TOP OF THE 8TH |
Toronto Blue Jays batting - Pitching for New York Yankees : LHP Robert Cruz
|
Pitching: RHP Tim Catalano
|
|
Batting: RHB Donny Burnside
|
0-0: Foul Ball, location: 2F 0-1: Ball 1-1: Ball 2-1: Foul Ball, location: 2F 2-2: Ball 3-2: Base on Balls
|
Batting: RHB Danny Burnside
|
0-0: Ball Donny Burnside steals 2nd base 1-0: SINGLE (Line Drive, 34D, EV 95.0 MPH) Donny Burnside to third Runner from 3rd tries for Home, SAFE, throw by RF to home
|
Batting: RHB Efrain Vargas
|
0-0: Ball 1-0: Called Strike 1-1: Ball 2-1: Ball Passed Ball! Danny Burnside to second 3-1: Base on Balls
|
Batting: LHB Willis Robles
|
0-0: Swinging Strike 0-1: Ball 1-1: Ground out 5-3 (Groundball, 56S, EV 86.2 MPH) Danny Burnside to third Efrain Vargas to second
|
Batting: SHB Dominik Hasek II
|
0-0: Ball 1-0: Ball 2-0: Called Strike 2-1: Fly out, F8 (Flyball, 8LD, EV 90.6 MPH) Runner from 3rd tags up, SCORES, no throw by CF
|
Batting: RHB C.J. Richerson
|
0-0: SINGLE (Line Drive, 7LM, EV 98.1 MPH) Efrain Vargas to third Runner from 3rd tries for Home, SAFE, throw by LF to home
|
Batting: RHB Butch Kaiser
|
0-0: Ball 1-0: Ball C.J. Richerson steals 2nd base 2-0: Ball 3-0: DOUBLE (Groundball, 5L, EV 99.4 MPH) C.J. Richerson scores
|
Pitching: RHP Chris McCoy
|
|
Pinch Hitting: LHB Michael Byrd
|
0-0: Called Strike 0-1: Foul Ball, location: 2F 0-2: Ball 1-2: Foul Ball, location: 2F 1-2: Strikes out looking
|
Top of the 8th over - 4 runs, 3 hits, 0 errors, 1 left on base; Toronto 11 - New York 4 |
BOTTOM OF THE 8TH |
New York Yankees batting - Pitching for Toronto Blue Jays : RHP Pimbly Nimblebottom
|
Now at SS: Michael Byrd
|
|
Batting: SHB Bartholomeu Chambino
|
0-0: Ball 1-0: Foul Ball, location: 2F 1-1: Swinging Strike 1-2: Ball 2-2: Foul Ball, location: 2F 2-2: Foul Ball, location: 2F 2-2: Strikes out swinging
|
Pinch Hitting: RHB Jose Tovar
|
0-0: Called Strike 0-1: Called Strike 0-2: SINGLE (Line Drive, 78S, EV 100.6 MPH)
|
Pitching: RHP Ray Scifo
|
|
Batting: RHB Adriaan Pieters
|
0-0: Ball 1-0: Ball 2-0: Ball 3-0: Base on Balls Jose Tovar to second
|
Batting: SHB Mukhtar Wa'il
|
0-0: Called Strike 0-1: Ball 1-1: Called Strike 1-2: Hit by Pitch Jose Tovar to third Adriaan Pieters to second
|
Batting: RHB Shiro Suehiro
|
0-0: Foul Ball, location: 2F 0-1: Swinging Strike 0-2: Ball 1-2: Foul Ball, location: 2F 1-2: Grounds into double play, 3-6-3 (Groundball, 34, EV 82.5 MPH)
|
Bottom of the 8th over - 0 runs, 1 hit, 0 errors, 2 left on base; Toronto 11 - New York 4 |
TOP OF THE 9TH |
Toronto Blue Jays batting - Pitching for New York Yankees : RHP Chris McCoy
|
Now in LF: Jose Tovar
|
|
Now in CF: Russ Shambaugh
|
|
Batting: RHB Bryan Peterson
|
0-0: Swinging Strike 0-1: Called Strike 0-2: Strikes out swinging
|
Batting: RHB Donny Burnside
|
0-0: Called Strike 0-1: Ball 1-1: Called Strike 1-2: Ball 2-2: SINGLE (Line Drive, 4D, EV 96.9 MPH)
|
Batting: RHB Danny Burnside
|
0-0: Ball 1-0: Fielders Choice at 2nd, 3-6 (Groundball, 34S, EV 83.8 MPH)
|
Batting: RHB Efrain Vargas
|
0-0: Ball 1-0: Ball 2-0: Ball 3-0: Base on Balls Danny Burnside to second
|
Batting: LHB Willis Robles
|
0-0: Ground out 4-3 (Groundball, 4, EV 107.5 MPH)
|
Top of the 9th over - 0 runs, 1 hit, 0 errors, 2 left on base; Toronto 11 - New York 4 |
BOTTOM OF THE 9TH |
New York Yankees batting - Pitching for Toronto Blue Jays : RHP Ray Scifo
|
Batting: RHB Ryan Neal
|
0-0: Swinging Strike 0-1: Ball 1-1: Called Strike 1-2: Ball 2-2: Fly out, F7 (Flyball, 7LS, EV 84.4 MPH)
|
Batting: LHB Dan Morris
|
0-0: Called Strike 0-1: Ball 1-1: Ball 2-1: Ground out 4-3 (Groundball, 4, EV 91.2 MPH)
|
Batting: RHB Russ Shambaugh
|
0-0: Swinging Strike 0-1: Foul Ball, location: 2F 0-2: SINGLE (Groundball, 34D, EV 104.4 MPH)
|
Pinch Hitting: LHB Joel Vera
|
0-0: Swinging Strike 0-1: Foul Ball, location: 2F 0-2: Ball 1-2: Ball 2-2: Ball 3-2: Base on Balls Russ Shambaugh to second
|
Batting: SHB Bartholomeu Chambino
|
0-0: Ball 1-0: Swinging Strike 1-1: Ball 2-1: Foul Ball, location: 2F 2-2: Fly out, F8 (Flyball, 8RM, EV 82.5 MPH)
|
Bottom of the 9th over - 0 runs, 1 hit, 0 errors, 2 left on base; Toronto 11 - New York 4 |
|